 Dungeon Crawl Stone Soup version 0.31-a0-408-gb642c7f9a3 (webtiles) character file.

Game seed: 12020157107268212806

54 CraigForest the Slasher (level 4, -2/34 HPs)
             Began as a Formicid Gladiator on July 29, 2023.
             Slain by a hobgoblin (3 damage)
             ... on level 1 of the Dungeon.
             The game lasted 00:07:59 (1107 turns).

CraigForest the Slasher (Formicid Gladiator)        Turns: 1107, Time: 00:08:01

Health: -2/34      AC:  6    Str: 19    XL:     4   Next: 12%
Magic:  4/4        EV: 11    Int:  7    God:
Gold:   79         SH:  0    Dex: 17    Spells: 3/3 levels left

rFire   . . .        a - +0 long sword
rCold   . . .        (no shield)
rNeg    . . .        h - +0 scale mail
rPois   .            (helmet unavailable)
rElec   .            (no cloak)
rCorr   .            (no gloves)
SInv    +            (no boots)
Will    .....        (no amulet) Stlth
                     (no ring)
HPRegen 0.25/turn    (no ring)
MPRegen 0.09/turn

%: no passive effects
@: no status effects
A: permanent stasis, dig shafts and tunnels, antennae 3, four strong arms
a: Dig, Shaft Self


You were on level 1 of the Dungeon.
You visited 1 branch of the dungeon, and saw 2 of its levels.

You collected 79 gold pieces.

Inventory:

Hand Weapons
 a - a +0 long sword (weapon)
Missiles
 c - 3 throwing nets (quivered)
 d - a javelin
 f - 5 atropa-tipped darts
Armour
 b - a +0 leather armour
 h - a +0 scale mail (worn)
Talismans
 l - a storm talisman
 o - a maw talisman
Scrolls
 e - a scroll of enchant weapon {unknown}
 g - a scroll of summoning {unknown}
 j - a scroll of identify {unknown}
 m - a scroll of teleportation {unknown}
 n - a scroll of noise {unknown}
Potions
 i - a potion of heal wounds {unknown}
 k - a potion of curing {unknown}


   Skills:
 + Level 2.5 Fighting
 + Level 3.8 Long Blades
 - Level 2.0 Throwing
 - Level 1.0 Armour
 + Level 3.1 Dodging
 * Level 0.4 Unarmed Combat
 * Level 0.2 Shapeshifting


You had 3 spell levels left.
You didn't know any spells.
Your spell library contained the following spells:

 Spells                   Type           Power      Damage    Failure   Level
 Sublimation of Blood     Necr           0%         N/A       91%         2
 Wereblood                Tmut           0%         N/A       91%         2
 Summon Hydra             Summ           0%         N/A       100%        7


Dungeon Overview and Level Annotations

Branches:
Dungeon (2/15)

Altars:

Shops:
D:1 *


Innate Abilities, Weirdness & Mutations

You cannot be hasted, slowed, berserked, paralysed or teleported.
You can dig through walls and to a lower floor.
You have a pair of large antennae on your head. (SInv)
Your four strong arms can wield two-handed weapons with a shield.


Message History

The hobgoblin barely misses you.
You hit the worm but do no damage.
The worm is heavily wounded.
The hobgoblin barely misses you. The goblin hits you but does no damage.
The worm barely misses you.
You hit the worm.
The worm is heavily wounded.
The goblin hits you but does no damage.
The hobgoblin hits you but does no damage.
You slash the worm!
You kill the worm!
The bat hits you but does no damage. The hobgoblin closely misses you.
The goblin hits you but does no damage. The goblin attacks as you move away!
The goblin hits you but does no damage. The hobgoblin closely misses you.
The bat closely misses you.
You see here an adder corpse.
You barely miss the goblin. The bat hits you. The goblin barely misses you.
The hobgoblin closely misses you. The bat hits you but does no damage.
The goblin misses you. The hobgoblin hits you.
* * * LOW HITPOINT WARNING * * *
You hit the goblin.
You kill the goblin!
The bat closely misses you. The bat hits you but does no damage.
The hobgoblin hits you.
* * * LOW HITPOINT WARNING * * *
The bat hits you but does no damage.
You hit the hobgoblin but do no damage. The bat hits you but does no damage.
The hobgoblin hits you.
* * * LOW HITPOINT WARNING * * *
You hit the hobgoblin.
The hobgoblin is lightly wounded.
The bat barely misses you. The hobgoblin closely misses you.
You hit the hobgoblin but do no damage.
The hobgoblin is lightly wounded.
The bat hits you but does no damage. The hobgoblin hits you.
* * * LOW HITPOINT WARNING * * *
The bat hits you.
* * * LOW HITPOINT WARNING * * *
The hobgoblin hits you.
You die...

..............##.....#.....#.....
..............''...........#.....
.....####.....##.....##...##.....
.....# #.....##.....##...###....
.....# ##.......###.~~~### ###).
#....# #.####..##≈≈≈≈~~# #..
#....# #)# #.#≈≈≈≈##########..
#....# #.# #>g~≈≈≈~#..........
#....# #.# ##@≈≈≈~~#...####'##
###### #.# #b~≈≈≈~##''#.....# #.#
#.##≈≈≈~~..#.....# #.#
#..'.......#######
#.#####..'..............
#.#.....##≈≈≈≈≈~........
#.#.####~≈≈≈≈≈≈≈~~≈≈≈≈≈.
#....###≈≈≈≈~≈≈~~≈####≈~
####..##≈≈≈~..≈~≈##..##≈


You could see a hobgoblin and a bat.

Vanquished Creatures
  2 adders (D:1)
  A worm (D:1)
  A dart slug (D:1)
  3 endoplasms (D:1)
  2 giant cockroaches (D:1)
  4 goblins (D:1)
  3 hobgoblins (D:1)
  A kobold (D:1)
  A quokka (D:1)
  3 ball pythons (D:1)
  4 bats (D:1)
  2 frilled lizards (D:1)
  2 rats (D:1)
29 creatures vanquished.

Notes
Turn   | Place    | Note
-------+----------+-------------------------------------------
     0 | D:1      | CraigForest the Formicid Gladiator began the quest for the
                  | Orb.
     0 | D:1      | Reached XP level 1. HP: 16/16 MP: 1/1
   161 | D:1      | Reached XP level 2. HP: 15/23 MP: 2/2
   337 | D:1      | Found Ytahox's Assorted Antiques.
   400 | D:1      | Reached XP level 3. HP: 21/28 MP: 3/3
   483 | D:1      | Found a faded altar of an unknown god.
   994 | D:1      | Reached skill level 1 in Armour
  1094 | D:1      | Reached XP level 4. HP: 14/34 MP: 4/4
  1107 | D:1      | HP: 1/34 [bat (1)]
  1107 | D:1      | Slain by a hobgoblin

Illustrated notes

Levels and vault maps discovered:
D:1:      sevenhm_arrival_forest_fort_large_1, layout_basic,
          dreamdust_ecumenical_altar_hidden_monk_grotto, serial_shops,
          nicolae_diamond_shop, serial_bayou_ford_a
D:2:      layout_rooms

Skill      XL: |  1  2  3 |
---------------+----------+-----
Dodging        | 3 |  3.1
Armour         | 1 |  1.0
Fighting       | |  2.5
Long Blades    | |  3.8
Throwing       | |  2.0
Unarmed Combat | |  0.4
Shapeshifting  | |  0.2

Action                     |  1- 3 |  4- 6 || total
---------------------------+-------+-------++-------
  Melee: Long sword        |    89 |    13 ||   102
         Punch             |     1 |       ||     1
 Armour: Leather armour    |    23 |       ||    23
         Scale mail        |    22 |    15 ||    37
  Dodge: Dodged            |    96 |    21 ||   117

Table legend: (Time is in decaauts)
 A = Elapsed time spent in this place.
 B = Non-inter-level travel time spent in this place.
 C = Inter-level travel time spent in this place.
 D = Time resting spent in this place.
 E = Time spent auto-exploring this place.
 F = Levels seen in this place.
 G = Mean time per level.
                   A        B        C        D        E       F      G
               +--------+--------+--------+--------+--------+-----+--------+
         Total |   1144 |   1028 |    116 |      0 |    689 |   2 |  572.0 |
       Dungeon |   1144 |   1028 |    116 |      0 |    689 |   2 |  572.0 |
               +--------+--------+--------+--------+--------+-----+--------+

Top non-repeatable levels by time:
     D:1: 1117 daAuts
     D:2: 27 daAuts
